 Dungeon Crawl Stone Soup version 0.30-a0-358-g0d69a1922f (webtiles) character file.

Game seed: 2389071426330865769

48 billz999 the Trooper (level 3, -7/43 HPs)
             Began as a Demonspawn Monk on Nov 9, 2022.
             Mangled by an orc priest
             ... wielding a +0 war axe
              (11 damage)
             ... on level 3 of the Dungeon.
             The game lasted 00:04:07 (1879 turns).

billz999 the Trooper (Demonspawn Monk)              Turns: 1879, Time: 00:04:08

Health: -7/43      AC:  3    Str: 13    XL:     3   Next: 50%
Magic:  3/3        EV:  8    Int: 11    God:
Gold:   131        SH: 11    Dex: 15    Spells: 2/2 levels left

rFire   . . .      SeeInvis .    a - +0 hand axe
rCold   . . .      Faith    .    l - +0 tower shield
rNeg    . . .      Spirit   .    b - +0 robe
rPois   .          Reflect  .    (no helmet)
rElec   .          Harm     .    r - +0 cloak
rCorr   .          Rampage  .    (no gloves)
Will    .....                    (no boots)
Stlth   ..........               (no amulet)
HPRegen 0.27/turn                (no ring)
MPRegen 0.08/turn                (no ring)

@: mighty, berserking, very quick
A: hooves 1, powered by pain 1
a: no special abilities


You were on level 3 of the Dungeon.
You visited 1 branch of the dungeon, and saw 3 of its levels.

You collected 131 gold pieces.

Inventory:

Hand Weapons
 a - a +0 hand axe (weapon)
Missiles
 g - 5 curare-tipped darts (quivered)
Armour
 b - a +0 robe (worn)
 l - a +0 tower shield (worn)
 r - a +0 cloak (worn)
Scrolls
 d - a scroll of amnesia {unknown}
 e - 2 scrolls of teleportation {unknown}
 f - a scroll of poison {unknown}
 h - 4 scrolls of identify {unknown}
 i - a scroll of torment {unknown}
 j - a scroll of blinking {unknown}
 o - a scroll of fear {unknown}
 p - a scroll of vulnerability {unknown}
 q - a scroll of butterflies {unknown}
Potions
 c - 2 potions of ambrosia
 k - a potion of curing {unknown}
 m - a potion of attraction {unknown}
 n - 2 potions of berserk rage


   Skills:
 + Level 3.3 Fighting
 + Level 3.1 Axes
 - Level 3.0 Dodging
 - Level 2.2 Stealth
 * Level 0.7 Shields


You had 2 spell levels left.
You didn't know any spells.
Your spell library contained the following spells:

 Spells                   Type           Power      Damage    Failure   Level
 Sting                    Tmut/Pois      0%         1d3       99%         1
 Poisonous Vapours        Pois/Air       0%         N/A       100%        2
 Olgreb's Toxic Radiance  Pois           0%         N/A       100%        4


Dungeon Overview and Level Annotations

Branches:
Dungeon (3/15)

Altars:
Hepliaklqana

Shops:
D:2 :


Innate Abilities, Weirdness & Mutations

You have large cloven feet.
You sometimes gain a little power by taking damage.


Message History

An orc comes into view. It is wielding a +0 short sword.
You hit the orc. Your kick misses the orc.
The orc is severely wounded.
The orc hits you with a +0 hand axe.
You barely miss the orc. You kick the orc.
You kill the orc!
An orc priest comes into view. It is wielding a +0 war axe.
The orc misses you.
You closely miss the orc.
The orc hits you with a +2 short sword of venom.
The orc priest shouts!
You hit the orc. You kick the orc.
You kill the orc!
You hear a shout!
The orc hits you with a +0 short sword.
You barely miss the orc. You kick the orc.
The orc is moderately wounded.
You block the orc's attack.
You hit the orc.
You kill the orc!
The orc priest hits you with a +0 war axe!
You closely miss the orc priest. You kick the orc priest.
The orc priest is lightly wounded.
A hobgoblin comes into view.
The orc priest hits you with a +0 war axe.
The orc priest hits you with a +0 war axe!
* * * LOW HITPOINT WARNING * * *
You focus on the pain.
You feel very mighty all of a sudden.
It was a potion of berserk rage.
A red film seems to cover your vision as you go berserk!
You feel yourself moving faster!
You feel mighty! You block the orc priest's attack.
You hit the orc priest. You kick the orc priest.
The orc priest is severely wounded.
You block the orc priest's attack.
You hit the orc priest. Your kick misses the orc priest.
The orc priest is almost dead.
The orc priest hits you with a +0 war axe!
You die...

#.#########.#
#.#.......#.#
#.#.#........
######.#.#.#...#.#
#......#.#.###.#..
#.####...#.......#
#.# #.#######.#.#
#.# #.#.....#.#.#
#@# #.# #<#....
#o# #.# #.....#
#g# #.#.........#
#.. ....##.......
).. ... #.####.#
#... #. .. #... #.
.. ..... #. .. ##
.


You could see an orc priest and a hobgoblin.

Vanquished Creatures
  A worm (D:2)
  A dart slug (D:2)
  3 orcs (D:3)
  3 endoplasms
  A giant cockroach (D:1)
  4 hobgoblins
  6 jackals
  5 kobolds
  3 quokkas
  3 ball pythons
  3 goblins (D:2)
  2 rats
35 creatures vanquished.

Notes
Turn   | Place    | Note
-------+----------+-------------------------------------------
     0 | D:1      | billz999 the Demonspawn Monk began the quest for the Orb.
     0 | D:1      | Reached XP level 1. HP: 18/18 MP: 1/1
   208 | D:1      | Gained mutation: You have large cloven feet. [demonic
                  | ancestry]
   208 | D:1      | Reached XP level 2. HP: 23/24 MP: 2/2
   792 | D:2      | Found a hazy altar of Hepliaklqana.
   831 | D:2      | Found Vehob's Book Boutique.
   970 | D:2      | Gained mutation: You sometimes gain a little power by
                  | taking damage. [demonic ancestry]
   970 | D:2      | Reached XP level 3. HP: 17/29 MP: 3/3
  1879 | D:3      | Mangled by an orc priest

Illustrated notes

Levels and vault maps discovered:
D:1:      dpeg_arrival_rooms_c, layout_basic,
          nicolae_concentric_dashed_squares_mild
D:2:      layout_basic, basic_altar, serial_shops, nicolae_shop_crystal
D:3:      layout_basic, mainiacjoe_overflow_brackets,
          mainiacjoe_overflow_concentric_impassable,
          mainiacjoe_overflow_tiny_flanked, ebering_ecumenical_altar_hall,
          pf_guarded_unrand_woodcutter

Skill      XL: |  1  2 |
---------------+-------+-----
Stealth        | 2 |  2.2
Axes           | 3 |  3.1
Dodging        | 3 |  3.0
Fighting       | |  3.3
Shields        | |  0.7

Action                   || total
-------------------------++-------
Melee: Hand axe          ||   130
       Punch             ||     1
       Kick              ||    28
  Use: Potion            ||     1
 Stab: Sleeping          ||     4
Armor: Robe              ||    22
Dodge: Dodged            ||    58
Block: Tower shield      ||    29

Table legend: (Time is in decaauts)
 A = Elapsed time spent in this place.
 B = Non-inter-level travel time spent in this place.
 C = Inter-level travel time spent in this place.
 D = Time resting spent in this place.
 E = Time spent auto-exploring this place.
 F = Levels seen in this place.
 G = Mean time per level.
                   A        B        C        D        E       F      G
               +--------+--------+--------+--------+--------+-----+--------+
         Total |   1920 |   1847 |     73 |     40 |   1480 |   3 |  640.0 |
       Dungeon |   1920 |   1847 |     73 |     40 |   1480 |   3 |  640.0 |
               +--------+--------+--------+--------+--------+-----+--------+

Top non-repeatable levels by time:
     D:2: 1063 daAuts
     D:1: 797 daAuts
     D:3: 59 daAuts
